 Dungeon Crawl Stone Soup version 0.29.1-15-g9cfb28693d (webtiles) character file.

Game seed: 6799545229409831982

2013 BeingJoeMalik the Destroyer (level 9, -1/45 HPs)
             Began as a Tengu Hedge Wizard on Mar 4, 2023.
             Was an Initiate of Vehumet.
             Slain by a hornet (8 damage)
             ... on level 8 of the Dungeon.
             The game lasted 00:27:30 (9069 turns).

BeingJoeMalik the Destroyer (Tengu Hedge Wizard)    Turns: 9069, Time: 00:27:31

Health: -1/45      AC:  6    Str: 10    XL:     9   Next: 22%
Magic:  0/20       EV: 15    Int: 19    God:    Vehumet [......]
Gold:   313        SH:  0    Dex: 14    Spells: 10/21 levels left

rFire   . . .      SeeInvis .   a - +0 dagger (vorpal)
rCold   . . .      Faith    .   (no shield)
rNeg    . . .      Spirit   +   b - +0 robe
rPois   +          Reflect  .   c - +0 hat
rElec   .          Harm     .   z - +0 cloak
rCorr   .          Rampage  .   L - +2 pair of gloves
Will    +....                   (boots unavailable)
Stlth   ++........              u - amulet of guardian spirit
HPRegen 0.15/turn               h - ring of willpower
MPRegen 0.17/turn               t - ring of poison resistance

@: on berserk cooldown, flying quickly and evasively, slowed, very slow
A: beak, talons 3, nimble flight
a: Renounce Religion


You were on level 8 of the Dungeon.
You worshipped Vehumet.
Vehumet was noncommittal.
You visited 2 branches of the dungeon, and saw 9 of its levels.
You also visited: Sewer.

You collected 343 gold pieces.
You spent 30 gold pieces at shops.

Inventory:

Hand Weapons
 a - a +0 vorpal dagger (weapon)
 F - a +2 sling of freezing
Missiles
 B - 2 throwing nets
 J - 4 poisoned darts
Armour
 b - a +0 robe (worn)
 c - a +0 hat (worn)
 s - a +0 pair of gloves
 z - a +0 cloak (worn)
 D - an orb of guile
 L - a +2 pair of gloves (worn)
Jewellery
 h - a ring of willpower (left hand)
 i - an amulet of regeneration
 p - a ring of see invisible
 t - a ring of poison resistance (right hand)
 u - an amulet of guardian spirit (around neck)
Wands
 y - a wand of roots (19)
 E - a wand of flame (23)
 H - a wand of acid (9)
Scrolls
 g - 2 scrolls of poison
 j - 2 scrolls of fog
 m - 6 scrolls of noise
 n - a scroll of identify
 o - 3 scrolls of teleportation
 C - 3 scrolls of magic mapping
Potions
 e - 2 potions of attraction
 f - a potion of flight {unknown}
 k - 2 potions of cancellation {unknown}
 l - 4 potions of curing
 r - 3 potions of mutation
 v - 3 potions of heal wounds {unknown}
 w - 2 potions of ambrosia {unknown}
 x - 2 potions of degeneration {unknown}
 A - 2 potions of haste
 G - 2 potions of brilliance {unknown}


   Skills:
 + Level 0.1 Fighting
 + Level 2.4 Dodging
 - Level 2.0 Stealth
 + Level 6.9 Spellcasting
 + Level 9.2 Conjurations
 + Level 5.6 Summonings
 * Level 4.8 Necromancy
 - Level 0.7 Translocations


You had 10 spell levels left.
You knew the following spells:

 Your Spells              Type           Power      Damage    Failure   Level
a - Magic Dart            Conj           100%       1d8       1%          1
b - Call Imp              Summ           27%        N/A       1%          2
c - Mephitic Cloud        Conj/Pois/Air  18%        N/A       9%          3
d - Necrotise             Necr           96%        1d8       1%          1
e - Vampiric Draining     Necr           24%        2d7       4%          3
f - Summon Small Mammal   Summ           100%       N/A       1%          1

Your spell library contained the following spells:

 Spells                   Type           Power      Damage    Failure   Level
 Conjure Flame            Conj/Fire      24%        6-21      4%          3
 Apportation              Tloc           18%        N/A       8%          1
 Freeze                   Ice            24%        1d5       11%         1
 Slow                     Hex            24%        N/A       11%         1
 Blink                    Tloc           18%        N/A       12%         2
 Ensorcelled Hibernation  Hex/Ice        12%        N/A       16%         2
 Passwall                 Tmut/Erth      5%         N/A       16%         2
 Hailstorm                Conj/Ice       24%        3d7       16%         4
 Gell's Gravitas          Tloc           9%         N/A       22%         3
 Teleport Other           Tloc           9%         N/A       22%         3
 Frozen Ramparts          Ice            12%        1d2       30%         3
 Swiftness                Air            6%         N/A       30%         3
 Agony                    Necr           24%        N/A       36%         5
 Dispersal                Tloc           4%         N/A       100%        6


Dungeon Overview and Level Annotations

Branches:
Dungeon (8/15)             Temple (1/1) D:5            Lair (0/5) D:8
  Sewer (visited)

Altars:
Elyvilon
Gozag
Hepliaklqana
Kikubaaqudgha
Makhleb
Qazlal
Ru
Sif Muna
Trog
Uskayaw
Vehumet
Xom
Yredelemnul
Zin

Shops:
D:2 ?   D:4 [   D:5 !


Innate Abilities, Weirdness & Mutations

You have a beak for a mouth.
You have claws for feet.
Your magical nature lets you fly swiftly and evasively.


Message History

Aiming: Magic Dart (safe; 1% risk of failure)
Press: ? - help, Shift-Dir - straight line, f/p - hornet
Aim: a hornet (moderately wounded, ally target, 100% to hit)
The magic dart hits the hornet.
The hornet is moderately wounded.
The hornet barely misses you. x3
Unknown command.
Casting: Magic Dart (safe; 1% risk of failure)
Confirm with . or Enter, or press ? or * to list all spells.
Aiming: Magic Dart (safe; 1% risk of failure)
Press: ? - help, Shift-Dir - straight line, f/p - hornet
Aim: a hornet (moderately wounded, ally target, 100% to hit)
The magic dart hits the hornet but does no damage.
The hornet is moderately wounded.
You feel yourself speed up. The hornet stings you.
You feel yourself slow down.
Your crimson imp blinks!
The hornet stings you!
Your crimson imp hits the orc.
Your crimson imp hits the orc.
The hornet stings you. Magic courses through your body.
The hornet barely misses you.
Your crimson imp blinks!
The hornet stings you!
It was a potion of berserk rage.
A red film seems to cover your vision as you go berserk!
You feel yourself moving faster!
You feel mighty!
You feel yourself speed up. The hornet closely misses you.
The hornet stings you!
You feel a strong urge to attack something.
You feel your anger nearly subside. The hornet attacks as you move away!
The hornet stings you.
* * * LOW HITPOINT WARNING * * *
You are no longer berserk.
You are exhausted.
You feel yourself slow down. The hornet stings you!
* * * LOW HITPOINT WARNING * * *
You feel as though you will be slow longer.
There is a staircase to the Lair here.
The hornet stings you!
You die...

... .... #o## #.#.# #T##
.... ##.####.# ..>#
##.....# #.. ##T######
#.###.## #..#y## #..@#
#.####..# #......##
######.# #########
#.###### #.......#
#.....[#
#.#####.#######.####.# #.#
###.#.......># #.# #.#
#.....####...###.#########


You could see a troll and a hornet.

Vanquished Creatures
  Grinder (D:4)
  Eustachio (D:6)
  Pargi (Sewer)
  A black bear (D:5)
  An ogre (D:5)
  2 sky beasts
  3 bullfrogs
  A scorpion (D:6)
  A necrophage (D:8)
  3 hounds
  3 jellies (D:6)
  An orc priest (D:7)
  2 iguanas
  Terence (D:2)
  2 orc wizards
  7 adders
  8 gnolls
  A white imp (D:6)
  2 ufetubi
  A worm (D:5)
  A dart slug (D:3)
  5 orcs
  3 ball pythons
  7 endoplasms
  2 giant cockroaches
  5 goblins
  4 hobgoblins
  2 jackals (D:2)
  3 quokkas
  6 bats
  6 frilled lizards
  4 kobolds
  2 rats (D:3)
93 creatures vanquished.

Vanquished Creatures (collateral kills)
  A hornet (D:8)
  A jelly (D:6)
  A hound (D:5)
  An iguana (D:7)
  7 gnolls
  An adder (D:5)
  An orc (D:3)
  A ball python (D:2)
14 creatures vanquished.

Grand Total: 107 creatures vanquished

Notes
Turn   | Place    | Note
-------+----------+-------------------------------------------
     0 | D:1      | BeingJoeMalik the Tengu Hedge Wizard began the quest for
                  | the Orb.
     0 | D:1      | Reached XP level 1. HP: 10/10 MP: 5/5
    72 | D:1      | Reached skill level 2 in Conjurations
   150 | D:1      | Found a faded altar of an unknown god.
   293 | D:1      | Reached XP level 2. HP: 15/15 MP: 4/7
   354 | D:1      | Reached skill level 3 in Conjurations
   393 | D:1      | Learned a level 2 spell: Call Imp
   932 | D:2      | Reached XP level 3. HP: 17/19 MP: 1/8
   994 | D:2      | Learned a level 3 spell: Mephitic Cloud
  1111 | D:2      | Reached skill level 4 in Conjurations
  1384 | D:2      | Noticed Terence
  1444 | D:2      | Killed Terence
  1533 | D:2      | Reached XP level 4. HP: 24/24 MP: 3/9
  1592 | D:2      | Found Nys Ywimnyr's Magic Scroll Boutique.
  1609 | D:2      | Bought a scroll of noise for 10 gold pieces
  1934 | D:3      | Reached skill level 5 in Conjurations
  2265 | D:3      | Gained mutation: Your magical nature lets you fly swiftly
                  | and evasively. [Tengu growth]
  2265 | D:3      | Reached XP level 5. HP: 7/28 MP: 0/10
  3068 | D:2      | Bought a scroll of identify for 20 gold pieces
  3231 | D:4      | Noticed Grinder
  3804 | D:4      | Found Uxtiev Dill's Armour Shop.
  3847 | D:4      | Found a hide-covered altar of Uskayaw.
  3915 | D:4      | Learned a level 1 spell: Necrotise
  4014 | D:4      | Reached skill level 6 in Conjurations
  4379 | D:4      | Killed Grinder
  4380 | D:4      | Reached skill level 1 in Necromancy
  4380 | D:4      | Reached XP level 6. HP: 19/32 MP: 1/12
  4524 | D:5      | Entered Level 5 of the Dungeon
  4555 | D:5      | Found Omyolabb's Distillery.
  4690 | D:5      | Reached skill level 7 in Conjurations
  4690 | D:5      | Reached XP level 7. HP: 36/36 MP: 5/13
  5267 | D:5      | Found a staircase to the Ecumenical Temple.
  5275 | Temple   | Entered the Ecumenical Temple
  5295 | Temple   | Became a worshipper of Vehumet
  5449 | D:5      | Found a white marble altar of Elyvilon.
  5450 | D:5      | Found a bloodstained altar of Trog.
  5711 | D:6      | Found a glowing drain.
  5762 | Sewer    | Entered a sewer
  5933 | Sewer    | Noticed Pargi
  5942 | Sewer    | Killed Pargi
  5943 | Sewer    | Reached skill level 5 in Spellcasting
  5943 | Sewer    | Reached XP level 8. HP: 13/41 MP: 0/16
  6348 | D:6      | Reached skill level 8 in Conjurations
  6498 | D:6      | Learned a level 3 spell: Vampiric Draining
  7285 | D:6      | Noticed Eustachio
  7305 | D:6      | Killed Eustachio
  7306 | D:6      | Reached skill level 5 in Summonings
  7595 | D:7      | Found a sacrificial altar of Ru.
  8298 | D:7      | Reached XP level 9. HP: 41/45 MP: 14/19
  8368 | D:7      | Reached skill level 9 in Conjurations
  8816 | D:8      | Learned a level 1 spell: Summon Small Mammal
  8885 | D:8      | Noticed a hornet
  8900 | D:8      | Killed a hornet
  9030 | D:8      | Found a staircase to the Lair.
  9045 | D:8      | Noticed a hornet
  9047 | D:8      | Noticed a troll
  9069 | D:8      | Slain by a hornet

Illustrated notes

Levels and vault maps discovered:
D:1:      matt_arrival_diagonals, layout_basic,
          hellmonk_ecumenical_altar_zigzags
D:2:      layout_loops_cross, serial_shops, nicolae_square_shop, uniq_terence
D:3:      cheibrodos_old_hovel, layout_basic
D:4:      layout_basic, mainiacjoe_overflow_concentric_impassable, serial_shops,
          nicolae_shop_trees, uniq_grinder
D:5:      layout_rooms, nicolae_overflow_squiral,
          minmay_temple_entry_purple_smoke, serial_shops,
          nicolae_shop_temple_entry_statues_fountains, serial_rivers,
          chequers_serial_rivers_small_b, chequers_serial_rivers_room_b,
          chequers_serial_rivers_micro_a, chequers_serial_rivers_small_3,
          chequers_serial_rivers_small_b
D:6:      layout_rooms, portal_sewer_entry_d, uniq_eustachio
D:7:      layout_rooms, lemuel_crystal_altar
D:8:      layout_loops_corners, lair_entry_dummy, ldierk_geyser,
          minmay_fractal_squares_5, uniq_maurice
Temple:   hellmonk_temple_beads

Skill      XL: |  1  2  3  4  5  6  7  8  9 |
---------------+----------------------------+-----
Conjurations   | 2 3 4 5 6 7 8 9 |  9.2
Summonings     | 2 3 4 5 |  5.6
Necromancy     | 1 2 3 4 |  4.8
Spellcasting   | 5 6 |  6.9
Fighting       | |  0.1
Dodging        | |  2.4
Stealth        | |  2.0
Translocations | |  0.7

Action                   |  1- 3 |  4- 6 |  7- 9 || total
-------------------------+-------+-------+-------++-------
Melee: Dagger            |     5 |    21 |    46 ||    72
       Peck              |       |     3 |     6 ||     9
       Kick              |       |     2 |    10 ||    12
       Punch             |       |       |     2 ||     2
 Cast: Magic Dart        |    57 |    91 |   210 ||   358
       Call Imp          |     4 |     8 |    29 ||    41
       Necrotise         |       |     1 |       ||     1
       Summon Small Mamm |       |       |     1 ||     1
  Use: Scroll            |       |     9 |     4 ||    13
       Potion            |       |     2 |     4 ||     6
 Stab: Distracted        |       |       |     1 ||     1
Armor: Robe              |     4 |     6 |    38 ||    48
       Skin              |       |     5 |     3 ||     8
Dodge: Dodged            |     6 |    15 |   145 ||   166
